sleepy, chaotic male elven Wizard --- --- --- -.-- ---..| --.--- .<.------....-- |....-- ..............------.....| -----...*)).........|.--- |.....--..--------- ..|--..| -... -..-- ---|....--....--. ...--(@............ ..%.).....[.)...... ....--........--.| ...|------.------ sleepy the Conjurer Experience level: 5 Strength: 8 Dexterity: 14 Constitution: 15 Intelligence: 19 Wisdom: 10 Charisma: 10 Health: 0(34) Energy: 8(55) Def: 1 Gold: 206 Moves: 1230 Dungeon seed: V7ZCNp6soW_A6hv4 Game ID: sleepy_1616292711 Your Inventory: Coins $ - 206 gold pieces Weapons a - a blessed +1 quarterstaff (weapon in hands) Armor e - an uncursed +0 cloak of magic resistance (being worn) r - an uncursed +0 orcish helm y - an uncursed +0 scale mail Comestibles t - 2 uncursed food rations Scrolls i - an uncursed scroll of identify j - an uncursed scroll of confuse monster k - an uncursed scroll of remove curse u - a blessed scroll of amnesia x - an uncursed scroll of teleportation C - an uncursed scroll of blank paper Spellbooks l - a blessed spellbook of force bolt m - an uncursed spellbook of wizard lock Potions f - an uncursed potion of paralysis g - an uncursed potion of water h - a blessed potion of invisibility s - an uncursed potion of polymorph Rings c - an uncursed ring of shock resistance (on left hand) d - an uncursed +2 ring of increase damage (on right hand) p - a blessed +2 ring of adornment Wands b - a wand of locking (0:4) Tools n - a magic marker (0:38) o - an uncursed tooled horn v - an uncursed blindfold z - 4 uncursed wax candles (0:400) A - an uncursed partly used wax candle (lit) (0:277) B - 15 uncursed tallow candles (0:200) Gems q - 3 uncursed worthless pieces of yellowish brown glass Spells and supernatural/magical abilities: Name Level Category Fail Memory a - force bolt 1 attack 0% 94% w - wizard lock 2 matter 47% 94% W - pray for help -- divine ? -- Your skills at the end: Fighting Skills Weapon Skills quarterstaff [Basic] Spellcasting Skills attack spells [Basic] enchantment spells [Basic] Final Attributes: You were piously aligned. You were sleep resistant. You were shock resistant. You were magic-protected. You had infravision. You had a +2 damage bonus. You are dead. Vanquished creatures: 4 gnome lords a paper golem 4 dwarves 2 dwarf zombies a hobbit a large kobold a yellow mold 15 gnomes 2 garter snakes a gecko a jackal a fox a goblin 2 grid bugs 2 bats 2 lichens 3 newts 44 creatures vanquished. Voluntary challenges: You were an atheist. You used a wielded weapon 26 times, starting on turn 20. You read items or engraved 1 time, starting on turn 515. You never genocided any monsters. You never polymorphed an object. You never changed form. You used no wishes. You never split a pudding. You never wrote Elbereth's name. You never violated your personal moral code. Dungeon overview: The Dungeons of Doom: levels 1 to 3 Level 1 some fountains a long staircase Level 2 stairs to The Gnomish Mines Level 3 The Gnomish Mines: levels 3 to 4 Level 3 stairs to The Dungeons of Doom Level 4 <- You were here History has recorded: On T:1 you entered the Dungeons of Doom to retrieve the Amulet of Yendor! On T:324 you reached level 2 of The Dungeons of Doom. On T:474 you advanced to experience level 2. On T:710 you reached level 3 of The Dungeons of Doom. On T:711 you advanced to experience level 3. On T:729 you reached level 1 of The Gnomish Mines. On T:812 you advanced to experience level 4. On T:1096 you reached level 2 of The Gnomish Mines. On T:1103 you advanced to experience level 5. Score breakdown: Gold: 206 ( 7878 points) Experience: 5 levels (11141 points) Exploration: 4 levels ( 7.84%) ( 7348 points) Discoveries: 1 item ( 0.36%) ( 1805 points) Valuables value: (no points given unless you survive) Artifact value: 0 ( 0 points) Variety of kills: 17 monsters ( 4.46%) ( 6336 points) Turncount: 1230 turns ( 0 points) Survival: died (score multiplied by 80%) Total score: 27606 Latest messages: The spell hits the dwarf! You kill the dwarf! You see here a dagger. There are a few objects here. The gnome throws a dagger! The gnome is hit. The gnome is killed! The gnome throws a dart! You are hit by a dart. You see here 6 candles. You have a little trouble lifting B - 6 candles. There are a few objects here. You have a little trouble lifting B - 2 candles. You have a little trouble lifting q - 2 yellowish brown gems. The gnome hits! You kill the gnome! There are a few objects here. You see here 4 daggers. You see here a lamp. There are several objects here. A trap door in the ceiling opens and a rock falls on your head! You die... Final status: Goodbye sleepy the Wizard, killed by a falling rock... You died in The Gnomish Mines on dungeon level 4 with 27606 points, and 206 pieces of gold, after 1230 moves. You were level 5 with a maximum of 34 hit points when you died.